 Dungeon Crawl Stone Soup version 0.21-a0-184-g9126a74 (webtiles) character file.

299 terra52 the Shield-Bearer (level 6, -7/48 HPs)
             Began as a Formicid Fighter on Aug 11, 2017.
             Killed by divine providence
             ... invoked by an orc priest
              (17 damage)
             ... on level 3 of the Dungeon.
             The game lasted 00:06:43 (3272 turns).

terra52 the Shield-Bearer (Formicid Fighter)        Turns: 3272, Time: 00:06:44

Health: -7/48      AC:  8    Str: 26    XL:     6   Next: 63%
Magic:  6/6        EV: 10    Int:  8    God:
Gold:   180        SH: 10    Dex: 11    Spells: 5/5 levels left

rFire    . . .     SeeInvis +   a - +0 flail
rCold    . . .     Gourm    .   c - +0 shield
rNeg     . . .     Faith    .   g - +0 acid dragon scales
rPois    .         Spirit   .   (helmet unavailable)
rElec    .         Reflect  .   (no cloak)
rCorr    +         Harm     .   (no gloves)
MR       .....                  (no boots)
Stlth    ++........             (no amulet)
HPRegen  0.16/turn              m - +5 ring of strength
MPRegen  0.10/turn              j - +2 ring of protection

@: no status effects
A: permanent stasis, dig shafts and tunnels, four strong arms, antennae 3
a: Dig, Shaft Self


You were on level 3 of the Dungeon.
You were not hungry.

You visited 1 branch of the dungeon, and saw 4 of its levels.

You collected 180 gold pieces.

Inventory:

Hand Weapons
 a - a +0 flail (weapon)
Missiles
 i - 5 javelins (quivered)
Armour
 b - a +0 scale mail
 c - a +0 shield (worn)
 g - +0 acid dragon scales (worn)
Jewellery
 j - a +2 ring of protection (right hand)
 m - a +5 ring of strength (left hand)
 r - an uncursed ring of magical power
Wands
 C - a wand of paralysis (14/24)
Scrolls
 e - 3 scrolls of recharging {unknown}
 k - a scroll of amnesia {unknown}
 o - 2 scrolls of teleportation {unknown}
 u - 4 scrolls of remove curse {unknown}
 x - a scroll of magic mapping {unknown}
 y - a scroll of identify {unknown}
Potions
 d - 4 potions of might
 l - a potion of heal wounds {unknown}
 n - a potion of degeneration {unknown}
 p - 2 potions of brilliance {unknown}
 q - 2 potions of flight {unknown}
 t - a potion of berserk rage {unknown}
 v - 2 potions of lignification {unknown}
 w - a potion of curing {unknown}
 A - 2 potions of ambrosia {unknown}
Comestibles
 f - 3 bread rations
 s - 2 royal jellies
 z - 4 fruits
 B - a meat ration


   Skills:
 + Level 4.1 Fighting
 + Level 3.8 Maces & Flails
 + Level 3.6 Armour
 + Level 1.4 Dodging
 * Level 3.2 Stealth
 + Level 5.0 Shields


You had 5 spell levels left.
You didn't know any spells.

Dungeon Overview and Level Annotations

Branches:
Dungeon (4/15)
 Temple: D:4-7

Altars:


Innate Abilities, Weirdness & Mutations

You cannot be hasted, slowed, berserked, paralysed or teleported.
You can dig through walls and to a lower floor.
Your four strong arms can wield two-handed weapons with a shield.
You have a pair of large antennae on your head. (SInv)


Message History

The orc hits you with a hand axe. The orc closely misses you.
The orc priest hits you but does no damage.
The orc hits you with a hand axe.
* * * LOW HITPOINT WARNING * * *
The orc closely misses you.
You hit the orc.
The orc is heavily wounded.
The orc hits you with a flail.
* * * LOW HITPOINT WARNING * * *
You hit the orc.
The orc is severely wounded.
The orc barely misses you.
You sock the orc!
You kill the orc!
The orc misses you.
You hit the orc.
The orc is lightly wounded.
The orc priest calls down the wrath of Beogh upon you.
Beogh smites you!
You die...

...#...# #..# #.#........#
...#...# #..# #.#......###
...##### #..# #.#......# ...#
#..# #.#......# ...########..#
#.#......#########
###..r.......###.#......'........
#...........##.#......#########
#..............................
###########..#@################
##.#o# #..o# ##..# #.># ##.# #.#
#.# #.#


You could see an orc priest and an orc.

Vanquished Creatures
  An ogre (D:3)
  2 orc priests (D:3)
  An orc wizard (D:3)
  4 adders
  An ooze (D:2)
  A dart slug (D:2)
  3 leopard geckos
  10 orcs
  5 bats
  3 giant cockroaches
  10 goblins
  6 hobgoblins
  6 jackals
  7 kobolds
  2 quokkas
  2 ball pythons
  4 frilled lizards (D:2)
  7 rats
75 creatures vanquished.

Notes
Turn   | Place    | Note
-------+----------+-------------------------------------------
     0 | D:1      | terra52 the Formicid Fighter began the quest for the Orb.
     0 | D:1      | Reached XP level 1. HP: 18/18 MP: 1/1
   184 | D:1      | Reached XP level 2. HP: 21/24 MP: 2/2
   468 | D:1      | Reached skill level 1 in Stealth
  1099 | D:2      | Reached XP level 3. HP: 29/29 MP: 3/3
  1108 | D:2      | Reached skill level 4 in Shields
  1416 | D:2      | Reached XP level 4. HP: 33/35 MP: 4/4
  1749 | D:3      | Reached skill level 1 in Dodging
  1749 | D:3      | Reached XP level 5. HP: 39/42 MP: 5/5
  2486 | D:3      | Reached XP level 6. HP: 28/48 MP: 6/6
  2698 | D:4      | Noticed an ogre
  3033 | D:3      | Killed an ogre
  3033 | D:3      | Reached skill level 5 in Shields
  3272 | D:3      | Killed from afar by an orc priest

Vault maps used:
D:1:      minmay_arrival_plants_in_alcoves, minmay_tetromino_t2
D:3:      first_bread

Skill      XL: |  1  2  3  4  5  6 |
---------------+-------------------+-----
Stealth        | 1 2 3 |  3.2
Shields        | 4 5 |  5.0
Dodging        | 1 |  1.4
Fighting       | 4 |  4.1
Maces & Flails | 3 |  3.8
Armour         | |  3.6

Action                   |  1- 3 |  4- 6 || total
-------------------------+-------+-------++-------
Melee: Flail             |   102 |   163 ||   265
Throw: Javelin           |       |     5 ||     5
 Stab: Sleeping          |     1 |       ||     1
       Distracted        |       |     1 ||     1
  Eat: Chunk             |     2 |     6 ||     8
Armor: Acid dragon scale |    39 |    76 ||   115
Dodge: Dodged            |    48 |    79 ||   127
Block: Shield            |    65 |   128 ||   193
